 Dungeon Crawl Stone Soup version 0.28-a0-1235-g7c8fac35f0 (webtiles) character file.

Game seed: 13732450159670145004

259 kae the Chopper (level 6, -20/51 HPs)
             Began as a Hill Orc Fighter on Dec 24, 2021.
             Demolished by an ogre (24 damage)
             ... on level 4 of the Dungeon.
             The game lasted 00:02:18 (3869 turns).

kae the Chopper (Hill Orc Fighter)                  Turns: 3869, Time: 00:02:20

Health: -20/51     AC:  8    Str: 21    XL:     6   Next: 17%
Magic:  6/6        EV:  9    Int:  8    God:
Gold:   50         SH:  4    Dex: 10    Spells: 5/5 levels left

rFire   . . .      SeeInvis .   a - +1 war axe
rCold   . . .      Faith    .   c - +0 buckler
rNeg    . . .      Spirit   .   b - +0 scale mail
rPois   .          Reflect  .   (no helmet)
rElec   .          Harm     .   (no cloak)
rCorr   .          Rampage  .   j - +0 pair of gloves
Will    .....                   (no boots)
Stlth   ..........              (no amulet)
HPRegen 0.17/turn               (no ring)
MPRegen 0.10/turn               (no ring)

@: no status effects
A: no striking features
a: no special abilities


You were on level 4 of the Dungeon.
You visited 1 branch of the dungeon, and saw 4 of its levels.

You collected 74 gold pieces.
You spent 24 gold pieces at shops.

Inventory:

Hand Weapons
 a - a +1 war axe (weapon)
Armour
 b - a +0 scale mail (worn)
 c - a +0 buckler (worn)
 j - a +0 pair of gloves (worn)
Jewellery
 g - a +4 ring of protection
 h - a +4 ring of protection
Wands
 i - a wand of flame (17)
Scrolls
 e - a scroll of fear
Potions
 d - a potion of might
 f - a potion of lignification
 k - a potion of heal wounds {unknown}


   Skills:
 - Level 3.6 Fighting
 + Level 7.9 Axes
 - Level 3.2 Armour
 - Level 4.0 Shields


You had 5 spell levels left.
You didn't know any spells.
Your spell library contained the following spells:

 Spells                   Type           Power      Damage    Failure   Level
 Animate Skeleton         Necr           0%         N/A       75%         1
 Apportation              Tloc           0%         N/A       75%         1
 Summon Small Mammal      Summ           0%         N/A       75%         1
 Scorch                   Fire           0%         2d5       87%         2
 Flame Wave               Conj/Fire      0%         2d4       100%        4
 Summon Cactus Giant      Summ           0%         N/A       100%        6


Dungeon Overview and Level Annotations

Branches:
Dungeon (4/15)
 Temple: D:4-7

Altars:
Vehumet
Xom

Shops:
D:3 *   D:4 (


Message History

You kill the ufetubus!
There are monsters nearby!
The bullfrog skeleton hits you but does no damage.
You slash the bullfrog skeleton!
The bullfrog skeleton is moderately damaged.
The bullfrog skeleton barely misses you.
There are monsters nearby!
You hit the bullfrog skeleton.
The bullfrog skeleton is heavily damaged.
The bullfrog skeleton hits you but does no damage.
The bullfrog skeleton hits you.
You barely miss the bullfrog skeleton.
The bullfrog skeleton is heavily damaged.
The bullfrog skeleton hits you. The ogre hits you with a +0 giant club!
You are too injured to fight recklessly!
You are too injured to fight recklessly!
You are too injured to fight recklessly!
You are too injured to fight recklessly!
You are too injured to fight recklessly!
You are too injured to fight recklessly!
You are too injured to fight recklessly!
You are too injured to fight recklessly!
You are too injured to fight recklessly!
You are too injured to fight recklessly!
You hit the ogre.
The ogre is moderately wounded.
You hit the bullfrog skeleton. The bullfrog skeleton hits you.
You slash the ogre!
The ogre is almost dead.
You barely miss the bullfrog skeleton.
The bullfrog skeleton closely misses you.
The ogre hits you with a +0 giant club!!
* * * LOW HITPOINT WARNING * * *
You block the bullfrog skeleton's attack.
You hit the ogre.
The ogre is almost dead.
You slash the bullfrog skeleton! The bullfrog skeleton hits you.
* * * LOW HITPOINT WARNING * * *
The ogre hits you with a +0 giant club!!
You die...

#...............
.....
#..............
###...
######.....##.
#... #.....#
+... #.....# #
#... #.....##.#
#..(
####.....##.
#######..PP.....
#.....@..∩P.##.#
+....OZ..P.....
#.....#.....##.
#...........# #
##..........#
#..........#
#..........#
..### ######


You could see an ogre and a bullfrog skeleton.

Vanquished Creatures
  An orc priest (D:4)
  Ijyb (D:3)
  An orc wizard (D:4)
  Robin (D:3)
  3 gnolls (D:2)
  3 adders
  An ufetubus (D:4)
  6 dart slugs
  7 orcs
  6 bats
  4 endoplasms
  3 giant cockroaches
  16 goblins
  6 hobgoblins
  2 quokkas (D:1)
  13 ball pythons
  6 frilled lizards
  5 kobolds
  8 rats
93 creatures vanquished.

Vanquished Creatures (others)
  A plant (D:4)
1 creature vanquished.

Grand Total: 94 creatures vanquished

Notes
Turn   | Place    | Note
-------+----------+-------------------------------------------
     0 | D:1      | kae the Hill Orc Fighter began the quest for the Orb.
     0 | D:1      | Reached XP level 1. HP: 19/19 MP: 1/1
   103 | D:1      | Reached skill level 3 in Axes
   112 | D:1      | Reached XP level 2. HP: 11/26 MP: 2/2
  1048 | D:1      | Reached XP level 3. HP: 30/31 MP: 3/3
  1180 | D:1      | Reached skill level 4 in Axes
  1845 | D:2      | Found a radiant altar of Vehumet.
  1974 | D:2      | Reached XP level 4. HP: 31/39 MP: 4/4
  1980 | D:2      | Reached skill level 5 in Axes
  2637 | D:3      | Found a shimmering altar of Xom.
  2671 | D:3      | Found Hihywipt's General Store.
  2678 | D:3      | Bought a scroll of identify for 24 gold pieces
  2872 | D:3      | Reached skill level 6 in Axes
  2887 | D:3      | Reached XP level 5. HP: 42/45 MP: 5/5
  2924 | D:3      | Noticed Ijyb
  2934 | D:3      | Killed Ijyb
  3031 | D:3      | Noticed Robin
  3046 | D:3      | Killed Robin
  3623 | D:3      | Reached skill level 7 in Axes
  3688 | D:4      | Reached XP level 6. HP: 51/51 MP: 6/6
  3853 | D:4      | Found Depsayxt's Antique Weapon Shop.
  3869 | D:4      | Demolished by an ogre

Illustrated notes

Levels and vault maps discovered:
D:1:      shiori_shiawase, layout_loops_corners, serial_co_window_serial,
          co_window_of_opportunity_a, co_window_of_opportunity_a,
          co_window_paths_a, co_window_corner_a, co_window_cross_1,
          co_window_of_opportunity_b, co_window_broadway_a,
          co_window_of_opportunity_c, co_window_2corner, co_window_4corner_b,
          co_window_paths_d, glass_columns_a, glass_columns_c, glass_columns_a,
          chequers_avenue, minmay_small_reverse_x
D:2:      layout_basic, basic_altar
D:3:      layout_loops_ring, overflow_temple_1_default, serial_shops,
          shop_fountains, uniq_ijyb, uniq_robin
D:4:      layout_basic, nemelex_dance_club_becter, serial_shops,
          nicolae_shop_overgrown_old_shop, corexii_checkpoint_a,
          minmay_misc_feat_room, nicolae_wooded_promenade,
          guppyfry_early_lair_pool

Skill      XL: |  1  2  3  4  5 |
---------------+----------------+-----
Axes           | 3 4 6 7 |  7.9
Shields        | 4 |  4.0
Fighting       | |  3.6
Armour         | |  3.2

Action                   |  1- 3 |  4- 6 || total
-------------------------+-------+-------++-------
Melee: War axe           |    83 |   131 ||   214
  Use: Scroll            |     3 |     4 ||     7
Armor: Scale mail        |    50 |    50 ||   100
Dodge: Dodged            |    43 |    58 ||   101
Block: Buckler           |    24 |    28 ||    52

Table legend: (Time is in decaauts)
 A = Elapsed time spent in this place.
 B = Non-inter-level travel time spent in this place.
 C = Inter-level travel time spent in this place.
 D = Time resting spent in this place.
 E = Time spent auto-exploring this place.
 F = Levels seen in this place.
 G = Mean time per level.
                   A        B        C        D        E       F      G
               +--------+--------+--------+--------+--------+-----+--------+
         Total |   3920 |   3771 |    149 |    325 |   2867 |   4 |  980.0 |
       Dungeon |   3920 |   3771 |    149 |    325 |   2867 |   4 |  980.0 |
               +--------+--------+--------+--------+--------+-----+--------+

Top non-repeatable levels by time:
     D:1: 1620 daAuts
     D:2: 1037 daAuts
     D:3: 1021 daAuts
     D:4: 241 daAuts
